Map: Acid Plant LE

Players

Lambo - Winner!

  • Race: Zerg Zerg
  • Spawn Location: 11:00

Light

  • Race: Protoss Protoss
  • Spawn Location: 5:00

Event: IEM Season 12 - Katowice

VOD

Have the link to the VOD?

Description

Time

  • Played on: Feb. 27, 2018, 5:45 a.m.
  • Length: 10:51

All games in this series

Show
View Real Time Build Order
Export as new Build Order

Lambo Zerg - Winner!

Build Orders: Hatch First, Lurkers, Roach Hydra 

Get SALT Encoding   

  12  0:00  Drone  
  13  0:12  Overlord  
  13  0:17  Drone  
  14  0:31  Drone x2  
  16  0:48  Hatchery  
  15  0:51  Drone  
  15  0:55  Drone  
  17  0:59  Drone  
  18  1:09  Extractor  
  17  1:14  Spawning Pool  
  17  1:17  Drone  
  17  1:20  Drone  
  18  1:28  Drone  
  19  1:41  Drone  
  20  1:50  Overlord  
  20  2:02  Queen x2  
  20  2:03  Zergling x4  
  26  2:11  Metabolic Boost  
  26  2:12  Drone  
  26  2:13  Drone  
  28  2:22  Drone x2  
  30  2:35  Hatchery  
  29  2:38  Drone  
  29  2:41  Drone  
  31  2:45  Overlord  
  31  2:48  Drone  
  32  2:55  Queen  
  32  2:57  Drone  
  35  2:59  Drone  
  36  3:10  Drone x2  
  36  3:11  Drone x2  
  40  3:13  Overlord  
  40  3:15  Drone  
  40  3:17  Drone  
  42  3:21  Drone  
  42  3:22  Drone  
  44  3:30  Queen  
  44  3:33  Drone x2  
  48  3:36  Spore Crawler  
  48  3:39  Drone  
  48  3:40  Zergling x2  
  48  3:41  Overlord  
  49  3:43  Drone  
  49  3:44  Drone  
  49  3:46  Drone  
  52  3:48  Spore Crawler  
  52  3:51  Drone x2  
  52  3:56  Queen  
  54  4:03  Overlord  
  54  4:04  Drone x2  
  54  4:07  Lair  
  56  4:13  Drone, Roach Warren  
  56  4:18  Drone x2  
  58  4:25  Extractor  
  58  4:26  Drone x2, Overlord, Extractor  
  58  4:29  Drone x2  
  59  4:32  Zergling x2  
  59  4:33  Zergling x4  
  62  4:40  Drone x2  
  62  4:44  Drone  
  62  4:45  Drone x2  
  67  4:47  Drone x2  
  67  4:49  Overlord  
  69  4:56  Evolution Chamber, Overlord  
  69  4:57  Spore Crawler  
  69  4:58  Drone x6  
  73  5:10  Overlord  
  73  5:12  Drone  
  74  5:15  Hatchery  
  74  5:18  Extractor  
  74  5:19  Drone x3  
  74  5:20  Drone x3  
  77  5:21  Zerg Missile Weapons Level 1  
  77  5:22  Drone  
  77  5:25  Overseer  
  77  5:26  Extractor  
  77  5:27  Drone x3  
  80  5:30  Drone x2  
  80  5:31  Drone  
  80  5:33  Drone  
  84  5:37  Glial Reconstitution  
  84  5:39  Drone x2  
  84  5:40  Extractor  
  84  5:41  Hydralisk Den  
  84  5:49  Overlord x2  
  84  5:50  Overlord  
  84  5:53  Roach x3  
  84  5:55  Pneumatized Carapace  
  84  5:56  Overlord  
  90  5:59  Overlord  
  90  6:01  Overlord  
  90  6:10  Grooved Spines  
  90  6:11  Lurker Den  
  90  6:12  Roach x2  
  90  6:13  Roach x3  
  90  6:17  Roach x2  
  103  6:20  Drone x2  
  103  6:21  Extractor  
  103  6:23  Roach x2  
  103  6:24  Extractor  
  106  6:26  Overlord  
  106  6:28  Hydralisk  
  106  6:29  Hydralisk  
  110  6:34  Hydralisk x2  
  110  6:38  Hydralisk x2  
  118  6:45  Drone x3  
  118  6:46  Drone x3  
  124  6:48  Roach  
  124  6:52  Hydralisk x3  
  132  6:57  Hydralisk  
  134  7:04  Overlord  
  134  7:05  Overlord  
  134  7:06  Overlord x2  
  134  7:08  Overlord  
  134  7:10  Overlord  
  136  7:23  Roach x8  
  136  7:24  Ravager  
  136  7:25  Overlord  
  136  7:28  Overlord  
  136  7:29  Ravager  
  152  7:31  Roach x2  
  152  7:33  Ravager x2  
  152  7:34  Roach x2  
  162  7:39  Roach x2  
  162  7:40  Overlord  
  162  7:41  Ravager  
  162  7:42  Roach  
  162  7:43  Ravager x2  
  171  7:45  Roach, Hydralisk  
  171  7:48  Roach  
  177  7:51  Muscular Augments  
  177  7:54  Roach x3  
  183  7:59  Zerg Missile Weapons Level 2  
  183  8:02  Lurker  
  183  8:05  Overlord, Hydralisk  
  177  8:13  Hydralisk x4  
  177  8:18  Hydralisk  
  175  8:23  Lurker  
  175  8:24  Hydralisk  
  175  8:26  Roach  
  176  8:31  Roach x3  
  176  8:32  Roach  
  184  8:39  Roach x6  
  192  8:46  Roach x2, Hydralisk x2  
  194  8:50  Drone  
  194  8:51  Drone x2  
  194  8:53  Overlord  
  194  8:54  Lurker  
  196  8:56  Overlord  
  196  8:59  Infestation Pit, Overlord  
  196  9:02  Overlord  
  195  9:04  Overlord  
  195  9:07  Overlord  
  191  9:11  Hydralisk  
  191  9:13  Lurker  
  191  9:16  Roach x2  
  196  9:17  Lurker  
  196  9:18  Overlord, Lurker  
  196  9:19  Lurker  
  196  9:23  Overlord  
  196  9:26  Roach x2  
  200  9:33  Overlord  
  198  9:41  Zergling x4  
  198  9:42  Zergling x16  
  194  9:50  Zergling x6  
  194  9:51  Zergling x10  
  194  9:52  Lurker  
  188  9:53  Extractor  
  188  9:55  Overlord  
  188  9:56  Zergling x6  
  188  9:58  Hatchery  
  189  10:01  Lurker x2  
  189  10:02  Zergling x6, Lurker  
  189  10:06  Zergling x6  
  198  10:07  Overseer  
  198  10:12  Overlord  
  191  10:17  Zergling x2  
  191  10:18  Zergling x6  
  184  10:23  Zergling x4  
Show
View Real Time Build Order
Export as new Build Order

Light Protoss 

Build Orders: 1 Gate Expand, Oracle Opening, Phoenix Opening, Colossus Rush 

Get SALT Encoding   

  12  0:00  Probe  
  13  0:13  Probe  
  14  0:20  Pylon  
  14  0:25  Probe  
  15  0:38  Probe (Chrono Boost)  
  16  0:45  Gateway  
  16  0:47  Probe (Chrono Boost)  
  17  0:50  Assimilator  
  17  0:52  Probe (Chrono Boost)  
  18  1:04  Probe  
  19  1:16  Probe  
  20  1:28  Nexus  
  20  1:32  Probe  
  21  1:42  Cybernetics Core  
  21  1:45  Probe  
  22  1:52  Pylon  
  22  1:57  Assimilator  
  22  2:01  Probe (Chrono Boost)  
  23  2:13  Probe (Chrono Boost)  
  24  2:17  Adept (Chrono Boost)  
  24  2:19  Probe (Chrono Boost), Warp Gate  
  27  2:27  Probe  
  28  2:36  Stargate  
  28  2:39  Probe  
  28  2:40  Probe  
  28  2:42  Adept  
  32  2:51  Probe  
  32  2:52  Probe  
  34  3:04  Probe x2  
  36  3:11  Adept  
  38  3:16  Probe x2  
  38  3:19  Phoenix (Chrono Boost)  
  40  3:26  Pylon  
  42  3:28  Probe x2  
  42  3:30  Gateway  
  44  3:36  Assimilator  
  44  3:40  Probe  
  45  3:44  Oracle  
  45  3:48  Pylon  
  49  3:52  Probe  
  49  3:54  Probe (Chrono Boost), Robotics Facility  
  50  4:06  Probe (Chrono Boost)  
  52  4:10  Probe (Chrono Boost)  
  52  4:14  Probe (Chrono Boost)  
  54  4:17  Probe (Chrono Boost)  
  54  4:19  Nexus  
  54  4:21  Probe  
  55  4:28  Probe  
  55  4:33  Probe  
  55  4:35  Assimilator  
  55  4:37  Pylon  
  56  4:40  Probe  
  56  4:44  Robotics Bay  
  56  4:45  Probe  
  58  4:52  Probe  
  58  4:56  Pylon  
  58  4:57  Probe  
  60  5:05  Probe, Pylon  
  61  5:08  Pylon  
  61  5:09  Probe, Observer  
  61  5:12  Gateway  
  62  5:17  Probe (Chrono Boost)  
  62  5:21  Probe (Chrono Boost), Sentry x2  
  67  5:22  Pylon  
  67  5:27  Pylon  
  69  5:29  Probe (Chrono Boost)  
  69  5:30  Colossus (Chrono Boost)  
  69  5:31  Probe (Chrono Boost)  
  69  5:34  Probe x2 (Chrono Boost)  
  78  5:36  Probe (Chrono Boost)  
  78  5:39  Extended Thermal Lance  
  78  5:42  Twilight Council  
  79  5:43  Probe x2  
  79  5:47  Probe  
  79  5:48  Gateway  
  82  5:52  Gateway  
  82  5:56  Probe, Gateway  
  83  6:01  Stalker  
  83  6:02  Sentry  
  87  6:07  Probe x2  
  89  6:12  Colossus (Chrono Boost), Assimilator  
  89  6:16  Assimilator  
  95  6:23  Stalker  
  95  6:24  Probe  
  98  6:27  Stalker x2  
  98  6:32  Probe x2, Blink (Chrono Boost)  
  102  6:48  Colossus (Chrono Boost)  
  108  6:55  Gateway  
  108  6:57  Gateway x2  
  108  6:58  Pylon, Gateway  
  108  7:00  Pylon  
  108  7:01  Pylon  
  108  7:02  Gateway  
  108  7:06  Stalker x2  
  112  7:14  Sentry x2  
  116  7:23  Pylon  
  116  7:24  Pylon, Stalker x2  
  116  7:25  Pylon  
  116  7:26  Pylon  
  116  7:27  Observer  
  116  7:29  Warp Prism (Chrono Boost)  
  120  7:36  Stalker  
  124  7:37  Stalker x3  
  130  7:58  Stalker x2  
  128  8:15  Stalker x7  
  128  8:16  Zealot, Stalker  
  132  8:25  Robotics Facility  
  124  8:27  Robotics Facility  
  124  8:30  Stalker x2  
  122  8:39  Stalker x4  
  122  8:40  Stalker  
  120  8:55  Stalker  
  120  8:56  Stalker x4  
  130  9:09  Disruptor x2 (Chrono Boost)  
  130  9:15  Disruptor (Chrono Boost)  
  139  9:29  Nexus  
  139  9:31  Zealot  
  139  9:32  Assimilator  
  139  9:37  Cybernetics Core, Disruptor (Chrono Boost)  
  142  9:39  Disruptor (Chrono Boost)  
  137  9:46  Disruptor (Chrono Boost)  
  140  9:58  Probe, Cybernetics Core  
  140  9:59  Assimilator  
  141  10:01  Pylon  
  141  10:05  Pylon  
  141  10:09  Disruptor (Chrono Boost)  
  120  10:34  Stalker  
  120  10:35  Stalker x3  
  132  10:37  Zealot x5  

Tags
 
Add a new tag
Caveats
  • Supply blocks, unpowered buildings, or Contaminate may cause inaccurate times.
  • Supply counts are checked every 10 seconds.